 Dungeon Crawl Stone Soup version 0.19.0-11-g3fc08b3 (webtiles) character file.

859 MovingMist the Skirmisher (level 8, 0/73 HPs)
             Began as a Naga Fighter on Nov 10, 2016.
             Was an Initiate of Cheibriados.
             Succumbed to a worker ant's poison
             ... on level 5 of the Dungeon.
             The game lasted 00:13:36 (4304 turns).

MovingMist the Skirmisher (Naga Fighter)            Turns: 4304, Time: 00:13:37

Health: 0/73       AC: 10    Str: 26    XL:     8   Next: 2%
Magic:  8/8        EV:  6    Int:  9    God:    Cheibriados [......]
Gold:   341        SH: 10    Dex: 13    Spells: 0 memorised, 7 levels left

rFire  . . .     SeeInvis +     D - +0 scimitar
rCold  . . .     Gourm    .     v - +0 chain mail
rNeg   . . .     Faith    .     c - +0 shield
rPois  +         Spirit   .     (no helmet)
rElec  .         Reflect  .     s - +1 cloak
rCorr  .         Harm     .     x - +0 pair of gloves
MR     +....                    (no barding)
Stlth  ..........               (no amulet)
                                y - ring of stealth
                                l - +5 ring of strength

@: lethally poisoned (0 -> -1), very slow
A: see invisible, deformed body, poison resistance, slowness 2, slow metabolism
1, spit poison 1, AC +2
a: Spit Poison, Bend Time, Renounce Religion


You were on level 5 of the Dungeon.
You worshipped Cheibriados.
Cheibriados was noncommittal.
You were not hungry.

You visited 2 branches of the dungeon, and saw 6 of its levels.

You collected 341 gold pieces.

Inventory:

Hand Weapons
 a - a +0 long sword
 D - a +0 scimitar (weapon)
Missiles
 t - a throwing net (quivered)
Armour
 c - a +0 shield (worn)
 s - a +1 cloak (worn)
 v - a +0 chain mail (worn)
 x - a +0 pair of gloves (worn)
Jewellery
 l - a +5 ring of strength (left hand)
 y - a ring of stealth (right hand)
Wands
 C - a wand of enslavement (1/24)
Scrolls
 e - 8 scrolls of identify {unknown}
 i - a scroll of torment {unknown}
 j - a scroll of immolation {unknown}
 k - a scroll of fear {unknown}
 m - 4 scrolls of teleportation {unknown}
 p - a scroll of amnesia {unknown}
 u - a scroll of random uselessness {unknown}
 w - 2 scrolls of enchant armour {unknown}
 z - a scroll of remove curse {unknown}
Potions
 b - a potion of mutation {unknown}
 d - 3 potions of might
 h - a potion of degeneration {unknown}
 o - 2 potions of ambrosia {unknown}
 q - 5 potions of curing {unknown}
 r - a potion of agility {unknown}
Comestibles
 f - 6 bread rations
 g - 3 meat rations
 n - a beef jerky
 A - 4 fruits


   Skills:
 + Level 4.9 Fighting
 + Level 4.3 Long Blades
 - Level 2.4 Armour
 * Level 4.3 Dodging
 + Level 4.0 Shields


You had 7 spell levels left.
You didn't know any spells.

Dungeon Overview and Level Annotations

Branches:
Dungeon (5/15)             Temple (1/1) D:5

Altars:
Ashenzari
Cheibriados
Fedhas
Gozag
Hepliaklqana
Makhleb
Nemelex Xobeh
Sif Muna
Trog
Uskayaw
Zin
The Shining One


Innate Abilities, Weirdness & Mutations

You cannot wear boots.
Your serpentine skin is tough. (AC +2)
You have supernaturally acute eyesight. (SInv)
Armour fits poorly on your strangely shaped body.
Your system is resistant to poisons. (rPois)
You cover ground very slowly.
You have a slow metabolism.
You can spit poison.


Message History

The worker ant bites you.
* * * LOW HITPOINT WARNING * * *
You are poisoned.
The worker ant poisons you! The gnoll barely misses you.
You feel sick.
The worker ant bites you but does no damage.
You block the gnoll's attack. The gnoll hits you but does no damage.
The worker ant bites you but does no damage.
The gnoll hits you from afar with a spear of pain.
* * * LOW HITPOINT WARNING * * *
You writhe in agony.
* * * LOW HITPOINT WARNING * * *
The gnoll hits you but does no damage.
* * * LOW HITPOINT WARNING * * *
You feel sick. You block the worker ant's attack. You block the gnoll's attack.
There is an open door here.
* * * LOW HITPOINT WARNING * * *
You feel sick. You block the worker ant's attack. You block the gnoll's attack.
The gnoll hits you but does no damage.
You die...

..+ .....# #.........# ###
....####.........#
##+#........########
#...#........# #..
#........# #.#
#....ggg.########
#######.########a##.......#
....#.............#.......#
....#...........@.#.......#
....##..##....##+##.......#
....##..##....##..##'######
.....................#...#
.....................'...#
..########..##############
..########..######..###..#
.......#............#....#
.......#............#....#


You could see a worker ant and 3 gnolls.

Vanquished Creatures
  Sigmund (D:2)
  3 ogres
  A water moccasin skeleton (D:4)
  Crazy Yiuf (D:3)
  A hound (D:4)
  A centaur skeleton (D:5)
  2 worker ants
  A hound skeleton (D:4)
  7 gnolls (D:3)
  A howler monkey skeleton (D:5)
  5 adders
  A shadow imp (D:5)
  An ooze (D:2)
  An adder skeleton (D:5)
  2 worms (D:2)
  3 dart slugs (D:1)
  2 leopard geckos
  13 orcs
  A ball python (D:1)
  8 bats
  2 giant cockroaches
  8 hobgoblins
  12 jackals
  4 kobolds
  A quokka (D:2)
  7 frilled lizards
  8 goblins
  10 rats
108 creatures vanquished.

Notes
Turn   | Place    | Note
-------+----------+-------------------------------------------
     0 | D:1      | MovingMist the Naga Fighter began the quest for the Orb.
     0 | D:1      | Reached XP level 1. HP: 21/21 MP: 1/1
   137 | D:1      | Reached XP level 2. HP: 28/28 MP: 2/2
   179 | D:1      | Reached skill level 1 in Dodging
   366 | D:1      | Reached XP level 3. HP: 27/34 MP: 3/3
   899 | D:2      | Found a faded altar of an unknown god.
  1016 | D:2      | Reached XP level 4. HP: 21/42 MP: 4/4
  1422 | D:2      | Noticed Sigmund
  1453 | D:2      | Killed Sigmund
  1453 | D:2      | Reached XP level 5. HP: 30/50 MP: 5/5
  1453 | D:2      | Reached XP level 6. HP: 34/57 MP: 6/6
  1697 | D:3      | Found a sparkling altar of Nemelex Xobeh.
  1733 | D:3      | Found a runed door.
  1737 | D:3      | Noticed Crazy Yiuf
  1746 | D:3      | Killed Crazy Yiuf
  2758 | D:4      | Reached XP level 7. HP: 66/66 MP: 7/7
  2993 | D:4      | Found a blossoming altar of Fedhas.
  3274 | D:5      | Entered Level 5 of the Dungeon
  3717 | D:5      | Found a staircase to the Ecumenical Temple.
  3730 | Temple   | Entered the Ecumenical Temple
  3786 | Temple   | Became a worshipper of Cheibriados the Contemplative
  3965 | D:5      | Reached XP level 8. HP: 66/73 MP: 8/8
  4301 | D:5      | HP: 3/73 [gnoll/spear of pain (6)]
  4302 | D:5      | HP: 1/73 [poisoned by a worker ant]
  4304 | D:5      | Succumbed to a worker ant's poison

Skill      XL: |  1  2  3  4  5  6  7 |
---------------+----------------------+-----
Dodging        | 1 2 3 4 |  4.3
Fighting       | 4 |  4.9
Long Blades    | 3 4 |  4.3
Shields        | 3 4 |  4.0
Armour         | |  2.4

Action                   |  1- 3 |  4- 6 |  7- 9 || total
-------------------------+-------+-------+-------++-------
Melee: Long sword        |   141 |   153 |    99 ||   393
       Scimitar          |       |       |     5 ||     5
 Abil: Spit Poison       |       |     8 |     5 ||    13
  Eat: Chunk             |       |     5 |     5 ||    10
Armor: Scale mail        |    74 |    42 |       ||   116
       Chain mail        |       |    21 |    93 ||   114
Dodge: Dodged            |    34 |    49 |    44 ||   127
Block: Shield            |    83 |   105 |   116 ||   304
       Rpst.: Long sword |     8 |    15 |    11 ||    34
       Scimitar          |       |       |     5 ||     5
